cohdb
Replays
Latest Replays
All Replays
Popular Replays
Top Player Replays
Match Explorer
How It Works
Community
CoH3 Stats
Reddit
Sign in to upload your games and track your stats! →
Sign in with Steam
Match 45757225
Unlisted
Match 45757225
Overview
Messages
Build Orders
End
Kradschützen Motorcycle Team
Panzerpioneer Squad
Selects Battlefield Espionage Battlegroup
250 Light Carrier
Panzerpioneer Squad
Construct Light Support Kompanie
Selects Intel Disruption Beacon
Panzerpioneer Squad
MG34 Team
Panzerjäger Mechanized Group
Construct Mechanized Kompanie
8 Rad Armored Car
Selects Plunder
Vehicle Survival Package
Construct Panzerarmee Kommand
Selects Disruption Operation
Kradschützen Motorcycle Team
2.5-tonne Medical Truck
Selects 250/3 Funkpanzerwagen
Walking Stuka Rocket Launcher
Tungsten Core Ammunition
Selects Advanced Ambush Training
Alloyzy Klex®
SEPH
RiCE
Tiensin
0
0
Comments
sign in to comment!
No comments posted yet!